AoeStats
← Erickinio

Black Forest

508757613Analyzed
2v2 RM · 9d ago on Sep 23, 2026· 49m 13s· 4 players
Game mode
Random Map
Map size
Medium (4 player)
Population
200
Speed
Normal
Resources
Standard
Victory
Conquest
Starting age
Dark Age
Ending age
Imperial Age
RankedLock teamsTeams togetherTeam positionsShared explorationLock speedFull tech treeHidden civsTurbo modeCheats
Victory
Defeat
🇦🇷 Celts · Argentina
899
+14
🇦🇷 Bulgarians · Argentina
737
+20
🇦🇷 Koreans · Argentina
846
-17
🇦🇷 Hindustanis · Argentina
839
-17
Erickinio
1:00 Loom
11:50 Feudal Age
11:59 Man-at-Arms
20:52 Double-Bit Axe
25:44 Wheelbarrow
28:48 Castle Age
26:37 Arson
27:04 Forging
26:55 Scale Mail Armor
26:42 Horse Collar
26:55 Gold Mining
29:52 Long Swordsman
30:25 Gambesons
30:00 Pikeman
31:43 Bow Saw
36:18 Iron Casting
38:24 Heavy Plow
43:36 Imperial Age
41:05 Stone Mining
44:08 Hand Cart
43:39 Town Watch
44:17 Chain Mail Armor
43:49 Two-Handed Swordsman
44:14 Halberdier
45:52 Masonry
46:43 Chemistry
46:34 Plate Mail Armor
47:46 Stone Shaft Mining
47:47 Gold Shaft Mining
48:38 Blast Furnace
48:08 Fletching
48:19 Padded Archer Armor
48:57 Conscription
49:27 Stronghold
49:48 Furor Celtica
ChAp
0:45 Loom
15:15 Feudal Age
17:16 Wheelbarrow
17:29 Double-Bit Axe
18:53 Horse Collar
23:46 Castle Age
21:33 Town Watch
25:02 Hand Cart
24:57 Gambesons
25:13 Squires
25:18 Heavy Plow
25:36 Bow Saw
27:22 Hand Cart
28:04 Scale Mail Armor
28:05 Padded Archer Armor
28:18 Elite Skirmisher
30:11 Pikeman
38:36 Stirrups
43:04 Murder Holes
43:09 Light Cavalry
44:00 Bloodlines
51:41 Imperial Age
Fran.exe
1:33 Loom
14:16 Feudal Age
17:32 Double-Bit Axe
18:08 Gold Mining
19:30 Fletching
20:13 Padded Archer Armor
24:37 Castle Age
23:03 Horse Collar
23:32 Town Watch
26:44 Crossbowman
27:21 Light Cavalry
29:33 Bloodlines
32:28 Wheelbarrow
33:10 Squires
35:39 Heavy Plow
36:45 Scale Barding Armor
38:54 Husbandry
39:33 Forging
40:20 Chain Barding Armor
41:45 Bodkin Arrow
42:39 Murder Holes
43:05 Ballistics
43:16 Hand Cart
44:41 Iron Casting
49:19 Imperial Age
48:30 Grand Trunk Road
48:35 Scale Mail Armor
HOSENSANG
11:34 Feudal Age
12:53 Double-Bit Axe
17:06 Castle Age
18:19 Loom
23:58 Gold Mining
25:40 Stone Mining
33:01 Horse Collar
34:15 Gold Shaft Mining
37:01 Wheelbarrow
37:42 Bow Saw
43:52 Imperial Age
41:56 Heavy Plow
43:15 Hand Cart
45:36 Chemistry
47:14 Two-Man Saw
Connection lost

Rejoining the realm…

Still unreachable

The connection could not be restored.

Session expired

The server has moved on; the page needs a fresh start.